Map: Neon Violet Square LE

Players

Fading

  • Race: Zerg Zerg
  • League: Platinum
  • Spawn Location: 11:00

Matusz - Winner!

  • Race: Protoss Protoss
  • League: Platinum
  • Spawn Location: 5:00

VOD

Have the link to the VOD?

Description

Time

  • Played on: Nov. 26, 2017, 10:17 a.m.
  • Length: 15:32
Show
View Real Time Build Order
Export as new Build Order

Fading Zerg 

Build Orders: Hatch First 

Get SALT Encoding   

  12  0:03  Drone  
  13  0:13  Overlord  
  13  0:18  Drone  
  14  0:31  Drone x2  
  16  0:39  Drone  
  17  0:59  Hatchery  
  16  1:10  Spawning Pool  
  15  1:11  Extractor  
  15  1:17  Drone x2  
  16  1:41  Drone x3  
  19  1:54  Overlord  
  19  1:57  Queen  
  21  2:07  Drone  
  22  2:20  Drone x2  
  24  2:23  Queen  
  26  2:32  Metabolic Boost  
  26  2:35  Zergling x2  
  26  2:36  Zergling x6  
  30  2:50  Drone x2  
  32  3:04  Hatchery  
  32  3:05  Drone x2  
  33  3:06  Drone  
  34  3:16  Pneumatized Carapace  
  34  3:18  Drone  
  34  3:19  Drone  
  36  3:36  Overlord x2  
  36  3:40  Overlord  
  36  3:56  Zergling x10  
  36  3:57  Zergling x6  
  44  4:04  Evolution Chamber  
  44  4:06  Drone  
  44  4:07  Roach Warren  
  43  4:15  Extractor  
  43  4:16  Drone x2  
  43  4:17  Drone x4  
  48  4:28  Queen  
  50  4:36  Drone x2  
  52  5:00  Overlord x2  
  52  5:01  Overlord  
  52  5:02  Roach x3  
  58  5:07  Zerg Ground Armor Level 1  
  58  5:09  Lair  
  58  5:14  Overlord x2  
  58  5:23  Drone  
  58  5:26  Roach x3  
  65  5:39  Extractor  
  65  5:41  Extractor  
  63  5:43  Zergling x16  
  63  5:44  Zergling x4  
  73  5:57  Queen  
  61  6:12  Roach x3  
  61  6:13  Roach x5  
  57  6:43  Glial Reconstitution  
  57  7:00  Roach x2  
  57  7:01  Roach x3  
  67  7:02  Roach, Zerg Missile Weapons Level 1  
  67  7:03  Drone x4  
  73  7:10  Ravager  
  73  7:13  Queen  
  76  7:30  Drone x6  
  76  7:31  Drone x5  
  76  7:35  Extractor  
  86  7:53  Roach x2  
  86  7:54  Roach x4  
  86  7:58  Spore Crawler  
  97  8:00  Overlord x4  
  97  8:18  Queen  
  99  8:27  Tunneling Claws  
  99  8:32  Burrow  
  99  8:35  Roach x6  
  99  8:36  Roach x4  
  119  8:47  Ravager x2  
  119  8:48  Ravager x5  
  126  9:06  Drone  
  126  9:07  Drone x3  
  126  9:09  Overlord x5  
  130  9:19  Extractor  
  130  9:23  Zerg Ground Armor Level 2  
  129  9:34  Drone x4, Infestation Pit  
  129  9:35  Drone x4  
  136  9:54  Roach x3  
  136  9:55  Roach x4  
  150  10:03  Hydralisk Den  
  149  10:22  Hatchery  
  148  10:34  Hydralisk x2  
  148  10:35  Hydralisk x8  
  156  10:36  Hydralisk  
  156  10:38  Overlord  
  170  11:03  Roach x7, Hive  
  170  11:04  Evolution Chamber  
  169  11:27  Roach x6  
  167  11:41  Roach x3  
  167  11:42  Roach x2  
  167  11:48  Overlord x5  
  130  12:48  Drone  
  130  12:49  Drone x8  
  130  12:50  Drone x3  
  142  12:57  Queen  
  144  13:03  Zerg Missile Weapons Level 2  
  144  13:14  Hydralisk x5  
  144  13:15  Hydralisk x3  
  160  13:33  Queen  
  91  13:57  Hydralisk  
  91  13:58  Roach x2, Hydralisk  
  91  13:59  Roach x5, Hydralisk x6  
  102  14:17  Roach x3  
  102  14:18  Roach x2  
  114  14:53  Roach x8  
  114  14:54  Roach x5, Hydralisk x6  
Show
View Real Time Build Order
Export as new Build Order

Matusz Protoss - Winner!

Build Orders:  

Get SALT Encoding   

  12  0:02  Probe  
  14  0:14  Probe  
  14  0:19  Pylon  
  14  0:26  Probe  
  15  0:38  Probe (Chrono Boost)  
  15  0:39  Gateway  
  17  0:50  Probe (Chrono Boost)  
  17  0:54  Probe (Chrono Boost)  
  18  1:04  Probe (Chrono Boost)  
  18  1:08  Pylon  
  18  1:09  Assimilator  
  19  1:16  Probe (Chrono Boost)  
  20  1:19  Probe (Chrono Boost)  
  21  1:28  Cybernetics Core  
  21  1:32  Gateway  
  21  1:40  Assimilator, Probe  
  21  1:45  Zealot  
  24  1:52  Probe  
  25  2:04  Probe (Chrono Boost)  
  25  2:07  Warp Gate (Chrono Boost)  
  26  2:15  Pylon  
  27  2:16  Probe (Chrono Boost)  
  27  2:18  Zealot  
  27  2:20  Probe (Chrono Boost)  
  30  2:29  Robotics Facility  
  30  2:34  Zealot  
  32  2:47  Pylon  
  32  2:51  Pylon  
  32  2:53  Stalker  
  34  3:08  Stalker  
  36  3:17  Immortal  
  40  3:24  Zealot  
  42  3:38  Stalker  
  44  3:42  Probe  
  45  3:51  Sentry  
  47  3:56  Observer  
  48  4:11  Nexus  
  48  4:17  Immortal, Pylon  
  52  4:39  Assimilator, Probe  
  52  4:42  Sentry  
  52  4:43  Sentry  
  52  4:44  Assimilator  
  57  4:52  Probe  
  58  5:12  Gateway  
  58  5:14  Gateway  
  58  5:17  Gateway  
  58  5:21  Gateway  
  58  5:25  Immortal (Chrono Boost)  
  62  5:30  Probe x2  
  64  5:39  Pylon  
  64  5:46  Pylon  
  36  6:41  Immortal, Probe x2  
  42  6:51  Robotics Facility  
  42  6:53  Probe  
  42  6:54  Probe, Zealot x2  
  48  6:56  Robotics Facility  
  48  7:03  Stalker x2  
  48  7:04  Stalker  
  48  7:05  Stalker  
  48  7:06  Probe x2  
  58  7:18  Probe x2  
  58  7:19  Sentry x2  
  72  7:48  Immortal x2 (Chrono Boost)  
  76  7:52  Probe  
  76  7:54  Probe  
  76  7:57  Immortal (Chrono Boost)  
  78  8:17  Stargate  
  78  8:22  Probe x2  
  78  8:24  Pylon  
  80  8:36  Immortal  
  80  8:41  Immortal  
  88  8:58  Nexus  
  88  9:04  Pylon  
  88  9:23  Immortal x2  
  96  9:31  Immortal  
  100  9:36  Oracle (Chrono Boost)  
  103  10:02  Oracle (Chrono Boost)  
  103  10:03  Robotics Bay  
  106  10:11  Probe x3  
  109  10:16  Assimilator  
  109  10:19  Assimilator  
  109  10:23  Probe x3  
  109  10:24  Sentry x2  
  109  10:25  Sentry x2  
  109  10:27  Sentry  
  109  10:28  Oracle (Chrono Boost)  
  125  10:42  Pylon  
  125  10:47  Pylon  
  125  10:52  Extended Thermal Lance  
  125  11:00  Colossus  
  131  11:12  Colossus  
  122  11:36  Observer  
  122  11:54  Observer  
  106  12:59  Stalker x3  
  106  13:00  Stalker  
  106  13:04  Zealot x2  
  118  13:16  Probe  
  118  13:17  Probe x2  
  121  13:26  Zealot x3  
  121  13:27  Zealot x3  
  121  13:54  Zealot  
  121  13:55  Zealot x5  
  108  14:10  Probe x2 (Chrono Boost)  
  108  14:11  Probe (Chrono Boost)  
  110  14:22  Probe (Chrono Boost)  
  110  14:23  Probe (Chrono Boost)  
  113  14:24  Probe (Chrono Boost)  
  113  14:28  Immortal x3  
  128  14:31  Probe x3 (Chrono Boost)  
Tags
 
Add a new tag
Caveats
  • Supply blocks, unpowered buildings, or Contaminate may cause inaccurate times.
  • Supply counts are checked every 10 seconds.